 Dungeon Crawl Stone Soup version 0.31-a0-675-g238779eb0a (webtiles) character file.

Game seed: 18038401497228916516

24997 jlumianski the Cleaver (level 12, -5/93 HPs)
             Began as a Demonspawn Fighter on Sept 5, 2023.
             Was a High Priest of Qazlal.
             Killed by divine providence
             ... invoked by a meliai
              (10 damage)
             ... on level 11 of the Dungeon.
             The game lasted 01:07:02 (16257 turns).

jlumianski the Cleaver (Demonspawn Fighter)        Turns: 16257, Time: 01:07:04

Health: -5/93      AC: 24    Str: 27    XL:     12   Next: 85%
Magic:  20/20      EV:  7    Int: 15    God:    Qazlal [*****.]
Gold:   1050       SH: 20    Dex: 12    Spells: 11/11 levels left

rFire   . . .        F - +2 broad axe (flame)
rCold   + . .        i - +0 kite shield
rNeg    . . .        E - +3 plate armour "Yfraaq" {rPois}
rPois   +            q - +2 hat
rElec   .            J - +0 cloak
rCorr   .            n - +0 pair of gloves
SInv    .            (no boots)
Will    .....        (no amulet) Stlth
                     h - ring of protection from cold
HPRegen 0.35/turn    y - +6 ring of strength
MPRegen 0.34/turn

%: repel missiles
@: protected from physical damage, studying Fighting
A: horns 2, magic regeneration, big brain 2, condensation shield
a: Renounce Religion, Upheaval, Elemental Force, Disaster Area


You were on level 11 of the Dungeon.
You worshipped Qazlal.
Qazlal was extremely pleased with you.
You visited 3 branches of the dungeon, and saw 15 of its levels.
You also visited: Ossuary.

You collected 1050 gold pieces.

Inventory:

Hand Weapons
 d - a +1 war axe of freezing
 e - a +3 quarterstaff of chaos
 F - a +2 broad axe of flaming (weapon)
 Q - the +3 flail of Purpose {heavy, rF+ Will+}
   (You took it off an orc warrior on level 10 of the Dungeon)

   rF+:       It protects you from fire.
   Will+:     It increases your willpower.
Missiles
 b - 5 javelins
 k - 2 atropa-tipped darts
 o - 20 boomerangs
 t - 26 poisoned darts (quivered)
 I - a curare-tipped dart
Armour
 g - a +0 plate armour of willpower
 i - a +0 kite shield (worn)
 n - a +0 pair of gloves (worn)
 q - a +2 hat (worn)
 w - the +0 pair of gloves of Saraq {Int+4}
   (You found it on level 11 of the Dungeon)

   Int+4:     It affects your intelligence (+4).
 E - the +3 plate armour "Yfraaq" (worn) {rPois}
   (You acquired it in an ossuary)

   rPois:     It protects you from poison
 J - a +0 cloak (worn)
Jewellery
 h - a ring of protection from cold (left hand)
 y - a +6 ring of strength (right hand)
Wands
 j - a wand of polymorph (2)
 r - a wand of charming (13)
 x - a wand of iceblast (18)
 A - a wand of digging (8)
 K - a wand of flame (10)
 P - a wand of quicksilver (7)
Scrolls
 m - a scroll of identify
 p - 4 scrolls of fog
 s - 2 scrolls of revelation
 u - 2 scrolls of silence
 B - a scroll of fear
Potions
 a - 2 potions of lignification
 c - a potion of cancellation
 f - a potion of curing
 l - 5 potions of attraction
 G - a potion of enlightenment
 N - 2 potions of haste
Miscellaneous
 v - a tin of tremorstones (2/2)


   Skills:
 + Level 8.2 Fighting
 + Level 12.0 Axes
 + Level 1.0 Throwing
 + Level 7.7 Armour
 - Level 1.7 Dodging
 + Level 2.1 Stealth
 + Level 8.3 Shields
 * Level 11.3 Invocations
 * Level 6.6 Evocations


You had 11 spell levels left.
You didn't know any spells.
Your spell library contained the following spells:

 Spells                   Type           Power      Damage    Failure   Level
 Freeze                   Ice            0%         1d3       99%         1
 Kiss of Death            Conj/Necr      0%         2d5       99%         1
 Magic Dart               Conj           0%         1d3       99%         1
 Searing Ray              Conj           0%         2d4       100%        2
 Static Discharge         Conj/Air       0%         2-2/arc   100%        2
 Confusing Touch          Hex            0%         N/A       100%        3
 Frozen Ramparts          Ice            0%         1d1       100%        3
 Hailstorm                Conj/Ice       0%         3d3       100%        3
 Ozocubu's Armour         Ice            0%         N/A       100%        3
 Summon Guardian Golem    Hex/Summ       0%         N/A       100%        3
 Airstrike                Air            0%         2d(0-16)  100%        4
 Dispel Undead            Necr           0%         3d6       100%        4
 Fulminant Prism          Conj/Hex       0%         3d5       100%        4
 Summon Lightning Spire   Summ/Air       0%         N/A       100%        4
 Iskenderun's Battlesphe  Conj           0%         2d6       100%        5
 Metabolic Englaciation   Hex/Ice        0%         N/A       100%        5
 Leda's Unmaking          Conj/Erth      0%         9d1       100%        6
 Simulacrum               Ice/Necr       0%         N/A       100%        6
 Orb of Destruction       Conj           0%         9d5       100%        7
 Spellforged Servitor     Conj/Summ      0%         N/A       100%        7


Dungeon Overview and Level Annotations

Branches:
Dungeon (12/15)            Temple (0/1) D:5            Lair (2/5) D:10
    Orc (1/2) D:10        Ossuary (visited)
  Swamp: Lair:2-3    Shoals: Lair:2-3     Snake: Lair:2-3    Spider: Lair:2-3

Altars:
Ashenzari
Cheibriados
Kikubaaqudgha
Makhleb
Nemelex Xobeh
Qazlal
Sif Muna
Vehumet
Wu Jian
Xom

Annotations:
Lair:1 2 transporters, Nikh's ghost, novice OpSh


Innate Abilities, Weirdness & Mutations

You have a pair of horns on your head.
You regenerate magic rapidly.
You have an extremely huge brain. (Int +4)
A meltable shield of frost defends you. (SH +4)


Message History

You feel extremely sick. You block the meliai's attack. x3
The meliai stings you but does no damage.
You barely miss the meliai. Your headbutt misses the meliai.
The meliai is heavily wounded.
You feel extremely sick. You block the meliai's attack. x2
The meliai calls down the wrath of its god upon you.
Something smites you! The meliai hits you but does no damage.
You are more poisoned.
The meliai stings you but does no damage.
You closely miss the meliai. Your headbutt misses the meliai.
The meliai is heavily wounded.
You feel extremely sick. You block the meliai's attack.
The meliai stings you but does no damage.
The meliai hits you with the +7 dagger "Qeis" {venom, rElec rC- Dex+3}.
You block the meliai's attack.
You barely miss the meliai. You headbutt the meliai!
The meliai is almost dead.
You feel extremely sick. You block the meliai's attack. x2
The meliai hits you with the +7 dagger "Qeis" {venom, rElec rC- Dex+3}.
You are more poisoned.
The meliai stings you.
You closely miss the meliai.
The meliai is severely wounded.
* * * LOW HITPOINT WARNING * * *
You feel extremely sick.
The meliai mumbles some strange prayers to its god against you.
Something smites you!
* * * LOW HITPOINT WARNING * * *
You block the meliai's attack. x2
You feel better.
The meliai calls down the wrath of its god upon you.
Something smites you!
* * * LOW HITPOINT WARNING * * *
The meliai mumbles some strange prayers to its god against you.
Something smites you!
You die...

.# #..... .K## #... .# #...#
.........## #### #.#...###....
........... ...#..#..#..#
.....###'## ....###...#.# #...
#..#. ....#..#....# #.. #..#.#
....#...#...## #.##..##.## #
...#.#.......###y#..##.).## #.##
#.#...#........°@#.##.)...##.#...
.............(.○)'#...|.|...#'...
..............☼.(#.##.....##.#.C.
.................#..##...## #...
#................##..##.## ###+
##................##..#.#
###...............##..#.
##......(........### ....#
..)######.......## #.###


You could see a meliai.

Vanquished Creatures
  Harold (D:8)
  2 hydras (D:10)
  A catoblepas (Lair:1)
  A boulder beetle (Lair:1)
  2 two-headed ogres
  A centaur warrior (D:11)
  Lodul (D:10)
  4 cyclopes (D:11)
  An ugly thing (D:11)
  Maurice (D:8)
  Joseph (D:7)
  A manticore (D:12)
  A black mamba (Lair:1)
  An elephant (D:10)
  2 komodo dragons
  A gargoyle (D:12)
  2 cane toads (Lair:1)
  2 rime drakes
  3 meliai (D:11)
  A troll (D:9)
  2 hornets
  Sigmund (D:2)
  2 vampires (D:9)
  2 wyverns
  17 yaks
  4 basilisks
  4 steam dragons (D:10)
  Grum (D:9)
  2 vampire mosquitoes (D:11)
  2 acid dragons
  2 water moccasins
  12 orc warriors
  A sky beast (D:8)
  3 black bears
  An ice beast (D:7)
  6 centaurs
  2 wolves (D:9)
  2 phantoms (D:4)
  16 ogres
  4 kobold brigands
  Blork the orc (D:5)
  5 bullfrogs
  A gnoll sergeant (D:6)
  2 scorpions
  11 wights
  7 water moccasin zombies
  8 killer bees
  3 howler monkeys (D:9)
  4 hounds
  Crazy Yiuf (D:2)
  8 orc priests
  4 jellies
  4 iguanas
  A scorpion zombie (D:4)
  11 orc wizards
  7 hell rats (Lair:1)
  A howler monkey zombie (D:4)
  2 mummies (Ossuary)
  4 gnolls
  8 adders
  2 ufetubi
  5 adder zombies
  A dart slug (D:3)
  84 orcs
  4 bats
  19 endoplasms
  4 giant cockroaches
  4 hobgoblins
  6 quokkas
  9 ball pythons
  3 frilled lizards
  3 gnoll zombies (Ossuary)
  14 goblins
  4 hobgoblin zombies (Ossuary)
  23 kobolds
  6 kobold zombies (Ossuary)
  5 orc zombies (Ossuary)
  A rat (D:3)
406 creatures vanquished.

Vanquished Creatures (collateral kills)
  A boulder beetle (D:11)
1 creature vanquished.

Vanquished Creatures (others)
  An orc (D:5)
1 creature vanquished.

Grand Total: 408 creatures vanquished

Notes
Turn   | Place    | Note
-------+----------+-------------------------------------------
     0 | D:1      | jlumianski the Demonspawn Fighter began the quest for the
                  | Orb.
     0 | D:1      | Reached XP level 1. HP: 18/18 MP: 1/1
   156 | D:1      | Gained mutation: You have a pair of small horns on your
                  | head. [demonic ancestry]
   156 | D:1      | Reached XP level 2. HP: 24/24 MP: 2/2
   527 | D:2      | Reached skill level 2 in Axes
   692 | D:1      | Gained mutation: You have an unusually large brain. (Int
                  | +2) [demonic ancestry]
   692 | D:1      | Reached XP level 3. HP: 29/29 MP: 3/3
  1028 | D:2      | Noticed Sigmund
  1040 | D:2      | Killed Sigmund
  1041 | D:2      | Reached skill level 3 in Axes
  1041 | D:2      | Gained mutation: You regenerate magic rapidly. [demonic
                  | ancestry]
  1041 | D:2      | Reached XP level 4. HP: 10/37 MP: 4/4
  1041 | D:2      | Gained mutation: A meltable shield of frost defends you.
                  | (SH +4) [demonic ancestry]
  1041 | D:2      | Reached XP level 5. HP: 12/42 MP: 5/5
  1347 | D:3      | Reached skill level 1 in Dodging
  1503 | D:3      | Reached skill level 4 in Axes
  1816 | D:3      | Gained mutation: You have an extremely huge brain. (Int +4)
                  | [demonic ancestry]
  1816 | D:3      | Reached XP level 6. HP: 48/48 MP: 6/6
  2162 | D:2      | Found a runed translucent door.
  2163 | D:2      | Noticed Crazy Yiuf
  2659 | D:3      | Noticed Ijyb
  3300 | D:2      | Reached skill level 1 in Stealth
  3407 | D:2      | Ijyb changed into Ijyb the jelly
  3407 | D:2      | Noticed Ijyb
  3409 | D:2      | Killed Ijyb the jelly
  3760 | D:4      | Reached skill level 5 in Axes
  3760 | D:4      | Reached XP level 7. HP: 46/53 MP: 7/7
  4103 | D:4      | Found a stormy altar of Qazlal.
  4111 | D:4      | Became a worshipper of Qazlal Stormbringer
  4137 | D:5      | Entered Level 5 of the Dungeon
  4147 | D:4      | Reached skill level 1 in Invocations
  4327 | D:4      | Found an ancient bone altar of Kikubaaqudgha.
  4593 | D:4      | Reached skill level 6 in Axes
  4629 | D:5      | Noticed Blork the orc
  4761 | D:4      | Reached XP level 8. HP: 61/61 MP: 9/9
  4874 | D:5      | Killed Blork the orc
  5190 | D:5      | Found a staircase to the Ecumenical Temple.
  5272 | D:5      | Reached skill level 1 in Throwing
  5838 | D:6      | Found a sand-covered staircase.
  5851 | Ossuary  | Entered an ossuary
  5869 | Ossuary  | Reached skill level 7 in Axes
  5877 | Ossuary  | Reached * piety under Qazlal
  5992 | Ossuary  | Reached skill level 5 in Fighting
  5994 | Ossuary  | Reached XP level 9. HP: 59/68 MP: 12/12
  6124 | Ossuary  | Identified 2 scrolls of acquirement
  6124 | Ossuary  | Acquired a +2 broad axe of flaming
  6127 | Ossuary  | Acquired the +3 plate armour "Yfraaq" {rPois}
  6443 | D:6      | Reached skill level 5 in Invocations
  6473 | D:6      | Reached skill level 8 in Axes
  6540 | D:5      | Reached ** piety under Qazlal
  6692 | D:7      | Found a broken altar of Ashenzari.
  6796 | D:7      | Noticed Joseph
  6810 | D:7      | Killed Joseph
  6811 | D:7      | Reached skill level 5 in Armour
  7099 | D:7      | Found a shimmering blue altar of Sif Muna.
  7150 | D:7      | Reached skill level 5 in Shields
  7468 | D:6      | Reached skill level 9 in Axes
  7468 | D:6      | Gained mutation: You have a pair of horns on your head.
                  | [demonic ancestry]
  7468 | D:6      | Reached XP level 10. HP: 54/74 MP: 15/15
  7758 | D:6      | Found a sparkling altar of Nemelex Xobeh.
  7886 | D:6      | Found a shimmering altar of Xom.
  8311 | D:8      | Noticed Maurice
  8326 | D:8      | Killed Maurice
  8846 | D:8      | Reached *** piety under Qazlal
  9346 | D:8      | Found a snail-covered altar of Cheibriados.
  9445 | D:9      | Noticed Harold
  9502 | D:8      | Killed Harold
  9503 | D:8      | Reached skill level 1 in Evocations
  9766 | D:10     | Entered Level 10 of the Dungeon
  9797 | D:9      | Reached skill level 10 in Axes
  9832 | D:9      | Noticed Grum
  9839 | D:9      | Killed Grum
  9840 | D:9      | Reached XP level 11. HP: 74/83 MP: 17/17
  9999 | D:10     | Noticed a two-headed ogre
 10006 | D:10     | Killed a two-headed ogre
 10124 | D:10     | Found a staircase to the Orcish Mines.
 10127 | D:10     | Identified the +3 flail of Purpose {heavy, rF+ Will+}
 10767 | D:10     | Reached **** piety under Qazlal
 11074 | D:10     | Noticed Lodul
 11078 | D:10     | Killed Lodul
 11285 | D:9      | Found a burning altar of Makhleb.
 11648 | D:9      | Noticed a balrug
 11740 | D:9      | Reached skill level 10 in Invocations
 12412 | D:10     | Reached skill level 11 in Axes
 12464 | D:10     | Found an ornate altar of the Wu Jian Council.
 12503 | D:10     | Found a staircase to the Lair.
 12510 | D:10     | Reached ***** piety under Qazlal
 12546 | Orc:1    | Entered Level 1 of the Orcish Mines
 12579 | Lair:1   | Entered Level 1 of the Lair of Beasts
 12977 | D:11     | Noticed a cyan ugly thing
 12985 | D:11     | Noticed a five-headed hydra
 12987 | D:11     | Killed a cyan ugly thing
 13033 | D:10     | Killed a two-headed hydra
 13175 | D:11     | Reached skill level 5 in Evocations
 13184 | D:11     | Reached XP level 12. HP: 74/91 MP: 19/19
 13222 | D:12     | Noticed a boulder beetle
 13242 | D:11     | Killed a boulder beetle
 13448 | D:11     | Found a radiant altar of Vehumet.
 13492 | D:11     | Noticed a death knight
 14118 | Lair:1   | Noticed a catoblepas
 14131 | Lair:1   | Killed a catoblepas
 14427 | Lair:1   | Found a transporter.
 14429 | Lair:1   | Found a transporter.
 14430 | Lair:1   | Noticed Nikh's ghost (novice OpSh)
 14494 | Lair:1   | Noticed a boulder beetle
 14522 | Lair:1   | Killed a boulder beetle
 15425 | D:2      | Killed Crazy Yiuf
 15616 | D:11     | Noticed a four-headed hydra
 15657 | D:10     | Killed a one-headed hydra
 15825 | D:11     | Noticed a centaur warrior
 15836 | D:11     | Killed a centaur warrior
 15880 | D:11     | Identified the +0 pair of gloves of Saraq {Int+4}
 15884 | D:11     | Noticed a two-headed ogre
 15897 | D:11     | Killed a two-headed ogre
 15934 | D:11     | Reached skill level 12 in Axes
 16248 | D:11     | Identified the +7 dagger "Qeis" {venom, rElec rC- Dex+3}
 16257 | D:11     | Killed from afar by a meliai

Illustrated notes

Levels and vault maps discovered:
D:1:      lemuel_arrival_behind_the_door_small, layout_loops_ring
D:2:      layout_loops_cross, uniq_crazy_yiuf_cottage, uniq_sigmund
D:3:      cheibrodos_fertilizer, layout_loops_cross, uniq_ijyb
D:4:      layout_gridville, lemuel_tele_altar,
          mainiacjoe_overflow_six_doors_small, serial_undead, serial_undead_c,
          serial_undead_f, serial_undead_f, serial_undead_b
D:5:      layout_loops_cross, mainiacjoe_overflow_cross_hatched,
          minmay_temple_entry_arrows, uniq_blork_the_orc
D:6:      layout_basic, nemelex_altar_shiori, overflow_temple_1_default,
          enter_ossuary_1, serial_glass, glass_columns_a, glass_columns_c,
          chequers_decorated_corner, nicolae_grassy_gnolls
D:7:      layout_rooms, nicolae_ashenzari_skybound,
          lemuel_coloured_pillars_altar, enter_bailey_5, uniq_joseph
D:8:      layout_cave_pods, marbit_many_paths, uniq_maurice
D:9:      layout_roguey [special_room_orc], makhleb_altar_promises_db,
          minmay_puff, uniq_grum, uniq_harold
D:10:     cheibrodos_steamvent, layout_grid_maze,
          nicolae_overflow_hidden_temple, david_lair_generic, david_orc_2,
          special_room [special_room_orc], uniq_lodul
D:11:     minmay_the_grid_octo_triangle [minmay_the_grid_octo_checkered,
          minmay_the_grid_octo_prize_star, minmay_the_grid_octo_shrine],
          layout_cave_pods, minmay_splitting_lines, nicolae_vehumet_altar_sigil
D:12:     layout_layer_cave, enter_trove_6, kennysheep_cross_room,
          grunt_decor_clamped, minivault_28, uniq_gastronok
Lair:1:   layout_chaotic_city, gammafunk_ghost_hive, nzn_sisyphean_effort
Lair:2:   layout_loops_ring
Orc:1:    layout_caves, serial_shops, nicolae_shop_peninsula,
          nicolae_shop_gaudy_bauble, nicolae_lakefront_shop,
          nicolae_shop_behind_doors, ebering_ghost_inner_flame

Skill      XL: |  1  2  3  4  5  6  7  8  9 10 11 12 |
---------------+-------------------------------------+-----
Armour         | 3 4 5 6 7 |  7.7
Shields        | 3 4 5 6 7 8 |  8.3
Axes           | 2 3 4 5 6 7 9 10 11 12 | 12.0
Dodging        | 1 |  1.7
Stealth        | 1 2 |  2.1
Fighting       | 4 5 6 7 8 |  8.2
Invocations    | 2 4 6 8 10 11 | 11.3
Throwing       | 1 |  1.0
Evocations     | 2 5 6 |  6.6

Action                     |  1- 3 |  4- 6 |  7- 9 | 10-12 || total
---------------------------+-------+-------+-------+-------++-------
  Melee: War axe           |    55 |   178 |   261 |       ||   494
         Headbutt          |     5 |    26 |    68 |    87 ||   186
         Broad axe         |       |       |   111 |   451 ||   562
  Throw: Boomerang         |       |       |     7 |       ||     7
         Dart              |       |       |     7 |     1 ||     8
 Invoke: Upheaval          |       |       |     1 |     3 ||     4
         Elemental Force   |       |       |       |     2 ||     2
  Evoke: Wand              |       |     3 |     2 |     3 ||     8
    Use: Potion            |     1 |     2 |     3 |     4 ||    10
         Scroll            |       |     4 |    12 |    10 ||    26
   Stab: Invisible         |       |       |     4 |       ||     4
 Armour: Scale mail        |    34 |   129 |   211 |       ||   374
         Plate armour      |       |       |    96 |   403 ||   499
  Dodge: Dodged            |    25 |    64 |   131 |    98 ||   318
  Block: Buckler           |    15 |   108 |   159 |       ||   282
         Kite shield       |       |       |    82 |   526 ||   608

Table legend: (Time is in decaauts)
 A = Elapsed time spent in this place.
 B = Non-inter-level travel time spent in this place.
 C = Inter-level travel time spent in this place.
 D = Time resting spent in this place.
 E = Time spent auto-exploring this place.
 F = Levels seen in this place.
 G = Mean time per level.
                   A        B        C        D        E       F      G
               +--------+--------+--------+--------+--------+-----+--------+
         Total |  16578 |  15756 |    822 |   2729 |   6984 |  16 | 1036.1 |
       Dungeon |  14991 |  14211 |    780 |   2512 |   6394 |  12 | 1249.2 |
          Lair |   1259 |   1218 |     41 |    190 |    565 |   2 |  629.5 |
  Orcish Mines |      1 |      1 |      0 |      0 |      0 |   1 |    1.0 |
       Ossuary |    326 |    326 |      0 |     27 |     25 |   1 |  326.0 |
               +--------+--------+--------+--------+--------+-----+--------+

Top non-repeatable levels by time:
    D:10: 2946 daAuts
     D:2: 1699 daAuts
     D:8: 1475 daAuts
     D:3: 1467 daAuts
     D:9: 1368 daAuts
     D:4: 1184 daAuts
     D:5: 1166 daAuts
  Lair:1: 1134 daAuts
     D:6: 1115 daAuts
    D:11: 887 daAuts
     D:1: 834 daAuts
     D:7: 798 daAuts
 Ossuary: 326 daAuts
  Lair:2: 125 daAuts
    D:12: 48 daAuts
